 Dungeon Crawl Stone Soup version 0.24-a0-584-g9d6b971ae4 (webtiles) character file.

Game seed: 11630864059357957691, levelgen mode: deterministic

11 Mithandil the Skirmisher (level 2, 0/24 HPs)
             Began as a Demonspawn Abyssal Knight on Sept 4, 2019.
             Was a Follower of Lugonu.
             Slain by a quokka (4 damage)
             ... on level 1 of the Dungeon.
             The game lasted 00:01:14 (163 turns).

Mithandil the Skirmisher (Demonspawn Abyssal Knight) Turns: 163, Time: 00:01:14

Health: 0/24       AC:  3    Str: 12    XL:     2   Next: 13%
Magic:  3/3        EV: 11    Int: 13    God:    Lugonu [*.....]
Gold:   0          SH:  0    Dex: 12    Spells: 1/1 levels left

rFire    . . .     SeeInvis .   a - +1 spear
rCold    . . .     Gourm    .   (no shield)
rNeg     . . .     Faith    .   b - +0 leather armour
rPois    .         Spirit   .   (no helmet)
rElec    .         Reflect  .   (no cloak)
rCorr    .         Harm     .   (no gloves)
MR       .....                  (no boots)
Stlth    +.........             (no amulet)
HPRegen  0.08/turn              (no ring)
MPRegen  0.08/turn              (no ring)

@: no status effects
A: rot immunity
a: Depart the Abyss, Renounce Religion


You were on level 1 of the Dungeon.
You worshipped Lugonu.
Lugonu was aware of your devotion.
You were not hungry.

You visited 1 branch of the dungeon, and saw 3 of its levels.
You visited the Abyss 1 time.

Inventory:

Hand Weapons
 a - a +1 spear (weapon)
Missiles
 d - 23 bolts
 e - 5 stones (quivered)
Armour
 b - a +0 leather armour (worn)
 g - a cursed +0 chain mail
Comestibles
 c - 2 rations
 f - a chunk of flesh


   Skills:
 + Level 3.1 Fighting
 + Level 1.9 Polearms
 + Level 1.9 Armour
 + Level 1.0 Dodging
 + Level 0.4 Stealth
 + Level 0.4 Unarmed Combat
 + Level 2.6 Invocations


You had one spell level left.
You didn't know any spells.
Your spell library was empty.

Dungeon Overview and Level Annotations

Branches:
Dungeon (3/15)

Altars:


Innate Abilities, Weirdness & Mutations

You are immune to rotting.


Message History

There is a stone staircase leading down here.
You hit the quokka.
The quokka is almost dead.
The quokka bites you.
* * * LOW HITPOINT WARNING * * *
The quokka barely misses you.
You miss the quokka.
The quokka is almost dead.
The quokka bites you.
* * * LOW HITPOINT WARNING * * *
You closely miss the quokka.
The quokka is almost dead.
The quokka bites you but does no damage.
You closely miss the quokka.
The quokka is almost dead.
The quokka bites you but does no damage.
You closely miss the quokka.
The quokka is almost dead.
The quokka bites you.
You die...

#.#P## #####.#
#.#.. #.# #.###
#########.# #.
#.........#
#####.#########
#............
#.##......###
#..##..###
#.@r......
#...#.#..##
#...#......
#...+ ..#..
#...# ..# .....
.# ###### ##


You could see a quokka.

Vanquished Creatures
  An adder (D:2)
  A kobold (D:1)
  A rat (D:1)
3 creatures vanquished.

Notes
Turn   | Place    | Note
-------+----------+-------------------------------------------
     0 | Abyss:1  | Mithandil the Demonspawn Abyssal Knight began the quest for
                  | the Orb.
     0 | Abyss:1  | Reached XP level 1. HP: 18/18 MP: 2/2
    42 | Abyss:1  | Noticed a phantasmal warrior
    43 | D:1      | Escaped the Abyss
   120 | D:2      | Reached * piety under Lugonu
   120 | D:2      | Reached skill level 1 in Dodging
   120 | D:2      | Gained mutation: You are immune to rotting. [demonic
                  | ancestry]
   120 | D:2      | Reached XP level 2. HP: 22/24 MP: 3/3
   163 | D:1      | Slain by a quokka

Levels and vault maps discovered:
D:1:      onia_arrival_mini_maze_b, layout_basic
D:2:      layout_rooms, minmay_misc_feat_roman, xom_redecorated
D:3:      layout_basic, grunt_temple_overflow_growth_and_decay,
          old_standard_altar, first_ration

Skill      XL: |  1 |
---------------+----+-----
Dodging        | 1 |  1.0
Fighting       | |  3.1
Polearms       | |  1.9
Armour         | |  1.9
Stealth        | |  0.4
Unarmed Combat | |  0.4
Invocations    | |  2.6

Action                   || total
-------------------------++-------
Melee: Spear             ||    24
Invok: Depart the Abyss  ||     1
Armor: Leather armour    ||     6
Dodge: Dodged            ||    16

Table legend:
 A = Non-vault XP
 B = Vault XP
 C = Vault XP percentage of total XP
 D = Non-vault monster count
 E = Vault monster count
 F = Vault count percentage of total count
                 A         B        C        D         E       F
            +---------+---------+-------+---------+---------+-------
      Total |      16 |       0 |   0.0 |       3 |       0 |   0.0
            +---------+---------+-------+---------+---------+-------
        D:1 |       2 |       0 |   0.0 |       2 |       0 |   0.0
        D:2 |      14 |       0 |   0.0 |       1 |       0 |   0.0
            +---------+---------+-------+---------+---------+-------
